 Dungeon Crawl Stone Soup version 0.25.1-2-g60ff931df9 (webtiles) character file.

Game seed: 8099151359807729775

83 funkygono the Skirmisher (level 4, 0/40 HPs)
             Began as a Hill Orc Fighter on Nov 30, 2020.
             Slain by Grinder (3 damage)
             ... while paralysed by Grinder
             ... on level 3 of the Dungeon.
             The game lasted 00:04:27 (2392 turns).

funkygono the Skirmisher (Hill Orc Fighter)         Turns: 2392, Time: 00:04:27

Health: 0/40       AC: 12    Str: 19    XL:     4   Next: 44%
Magic:  4/4        EV:  2    Int:  8    God:
Gold:   96         SH:  0    Dex: 10    Spells: 3/3 levels left

rFire    . . .     SeeInvis .   a - +1 war axe
rCold    . . .     Gourm    .   c - +1 kite shield
rNeg     . . .     Faith    .   n - +1 plate armour
rPois    .         Spirit   .   (no helmet)
rElec    .         Reflect  .   (no cloak)
rCorr    .         Harm     .   (no gloves)
MR       .....                  (no boots)
Stlth    ..........             (no amulet)
HPRegen  0.13/turn              (no ring)
MPRegen  0.09/turn              (no ring)

@: paralysed
A: no striking features
a: no special abilities


You were on level 3 of the Dungeon.
You were not hungry.

You visited 1 branch of the dungeon, and saw 3 of its levels.

You collected 96 gold pieces.

Inventory:

Hand Weapons
 a - a +1 war axe (weapon)
Missiles
 e - 48 bolts
 g - 7 poisoned darts (quivered)
 i - 21 arrows
 o - 65 stones
Armour
 b - a +0 scale mail
 c - a +1 kite shield (worn)
 n - a +1 plate armour (worn)
Wands
 q - a wand of clouds (7)
Scrolls
 j - 2 scrolls of remove curse
 k - a scroll of magic mapping
 p - a scroll of fog
 r - 2 scrolls of amnesia
 s - a scroll of teleportation
 t - a scroll of fear {unknown}
Potions
 d - a potion of might
 l - 4 potions of curing
 m - 2 potions of stabbing {unknown}
Comestibles
 f - 6 rations
 h - a chunk of flesh


   Skills:
 + Level 4.3 Fighting
 + Level 4.2 Axes
 + Level 3.7 Armour
 + Level 3.9 Shields


You had 3 spell levels left.
You didn't know any spells.
Your spell library was empty.

Dungeon Overview and Level Annotations

Branches:
Dungeon (3/15)

Altars:
The Shining One

Annotations:
D:3 Grinder


Message History

Your plate armour prevents you from hitting Grinder.
Grinder is severely wounded.
You block Grinder's attack.
Your plate armour prevents you from hitting Grinder.
Grinder is severely wounded.
Grinder gestures at you.
You barely resist. You slash Grinder!
Grinder is almost dead.
Grinder hits you.
* * * LOW HITPOINT WARNING * * *
Grinder barely misses you.
Your shield and plate armour prevent you from hitting Grinder.
Grinder is almost dead.
Grinder gestures at you.
You suddenly lose the ability to move!
Grinder hits you.
* * * LOW HITPOINT WARNING * * *
Grinder hits you.
You die...

.#######.........#).#
.##########......##)#
.............##..##.#
.##.....##...........#
......)....####.###....
.....)....## #.# ##.##..
..........#####.# .. ...
................#####.##
..
#.........#####.@((.....
#
#.........#####5######..
#......................
#.........#####.######?
#.........# #.#
..........# #.#
..........# #.#
##...[...######.#
###........).##.#


You could see Grinder.

Vanquished Creatures
  4 adders
  2 worms (D:2)
  A dart slug (D:2)
  A leopard gecko (D:2)
  2 orcs (D:3)
  7 bats
  5 goblins
  8 hobgoblins
  3 kobolds
  A frilled lizard (D:2)
  4 rats
38 creatures vanquished.

Notes
Turn   | Place    | Note
-------+----------+-------------------------------------------
     0 | D:1      | funkygono the Hill Orc Fighter began the quest for the Orb.
     0 | D:1      | Reached XP level 1. HP: 19/19 MP: 1/1
   526 | D:1      | Reached XP level 2. HP: 27/27 MP: 2/2
   903 | D:2      | Reached XP level 3. HP: 14/33 MP: 3/3
  1427 | D:2      | Found a glowing golden altar of the Shining One.
  1933 | D:3      | Reached XP level 4. HP: 40/40 MP: 4/4
  2373 | D:3      | Noticed Grinder
  2381 | D:3      | Paralysed by Grinder for 4 turns
  2390 | D:3      | Paralysed by Grinder for 6 turns
  2392 | D:3      | Slain by Grinder

Illustrated notes

Levels and vault maps discovered:
D:1:      wander_arrival_desolate, layout_basic
D:2:      layout_rooms, chequers_big_river, nicolae_tso_carved_into_rock
D:3:      layout_rooms, uniq_grinder

Skill      XL: |  1  2  3  4 |
---------------+-------------+-----
Axes           | 3 4 |  4.2
Fighting       | 4 |  4.3
Armour         | |  3.7
Shields        | |  3.9

Action                   |  1- 3 |  4- 6 || total
-------------------------+-------+-------++-------
Melee: War axe           |   106 |    37 ||   143
Throw: Stone             |     3 |       ||     3
       Dart              |    40 |    12 ||    52
  Use: Scroll            |     9 |       ||     9
  Eat: Chunk             |     3 |     2 ||     5
Armor: Scale mail        |     6 |       ||     6
       Plate armour      |    63 |    17 ||    80
Dodge: Dodged            |    11 |     5 ||    16
Block: Kite shield       |    73 |    13 ||    86
